 Dungeon Crawl Stone Soup version 0.31.0-32-g396128a36d (webtiles) character file.

Game seed: 4594981476810680179

10966 Ulf the Slicer (level 11, -1/91 HPs)
             Began as a White Draconian Hunter on Mar 17, 2024.
             Was a High Priest of Fedhas.
             Succumbed to a cane toad's poison
             ... on level 2 of the Lair of Beasts.
             The game lasted 00:39:17 (9861 turns).

Ulf the Slicer (White Draconian Hunter)             Turns: 9861, Time: 00:39:17

Health: -1/91      AC: 11    Str: 13    XL:     11   Next: 43%
Magic:  18/18      EV: 16    Int: 13    God:    Fedhas [*****.]
Gold:   419        SH:  0    Dex: 16    Spells: 15/19 levels left

rFire   . . .        h - +2 dagger (elec)
rCold   + . .        g - orb {mayhem}
rNeg    . . .        (body armour unavailable)
rPois   .            (helmet restricted)
rElec   .            (no cloak)
rCorr   .            (no gloves)
SInv    .            (no boots)
Will    .....        e - amulet of the acrobat
Stlth   ++++         b - +4 ring of protection
HPRegen 0.35/turn    p - ring of wizardry
MPRegen 0.16/turn

%: mayhem, acrobat, wizardry (x1)
@: lethally poisoned (-1 -> -13), short of breath
A: breathe frost, AC +7, unfitting armour, cold resistance 1, cold-blooded
a: Breathe Frost, Renounce Religion, Wall of Briars, Grow Ballistomycete,
Overgrow, Grow Oklob


You were on level 2 of the Lair of Beasts.
You worshipped Fedhas.
Fedhas was extremely pleased with you.
You visited 2 branches of the dungeon, and saw 10 of its levels.
You also visited: Sewer.

You collected 519 gold pieces.
You spent 100 gold pieces at shops.

Inventory:

Hand Weapons
 a - a +0 shortbow
 d - a +0 quick blade
 h - a +2 dagger of electrocution (weapon)
Missiles
 r - 3 atropa-tipped darts (quivered)
 v - 3 silver javelins
Armour
 g - an orb of mayhem (worn)
Jewellery
 b - a +4 ring of protection (left hand)
 e - an amulet of the acrobat (around neck)
 p - a ring of wizardry (right hand)
Wands
 k - a wand of charming (4)
 q - a wand of mindburst (16)
 t - a wand of digging (4)
Scrolls
 f - a scroll of enchant armour
 j - 8 scrolls of teleportation
 l - 2 scrolls of silence
 m - a scroll of poison
 n - a scroll of identify
 o - a scroll of fog
Potions
 c - 3 potions of brilliance
 i - 3 potions of enlightenment
 s - 2 potions of cancellation
 u - 3 potions of degeneration
 w - 2 potions of attraction
 z - a potion of haste


   Skills:
 * Level 6.5 Fighting
 * Level 8.0 Short Blades
 - Level 4.2 Ranged Weapons
 * Level 4.2 Throwing
 * Level 7.3 Dodging
 * Level 7.7 Stealth
 * Level 4.7 Spellcasting
 * Level 2.1 Summonings
 * Level 2.4 Translocations
 * Level 5.4 Invocations
 * Level 4.2 Evocations


You had 15 spell levels left.
You knew the following spells:

 Your Spells              Type           Power      Damage    Failure   Level
a - Call Imp              Summ           16%        N/A       4%          2
b - Blink                 Tloc           18%        N/A       4%          2

Your spell library contained the following spells:

 Spells                   Type           Power      Damage    Failure   Level
 Apportation              Tloc           18%        N/A       2%          1
 Magic Dart               Conj           12%        1d3       8%          1
 Jinxbite                 Hex            6%         N/A       12%         2
 Alistair's Intoxication  Alch           2%         N/A       88%         5


Dungeon Overview and Level Annotations

Branches:
Dungeon (8/15)             Temple (0/1) D:7            Lair (2/5) D:8
  Sewer (visited)
  Swamp: Lair:2-3    Shoals: Lair:2-3     Snake: Lair:2-3    Spider: Lair:2-3

Altars:
Elyvilon
Fedhas
Hepliaklqana
Okawaru
Trog
Vehumet
The Shining One

Shops:
D:2 [   D:4 *


Innate Abilities, Weirdness & Mutations

You can breathe waves of freezing cold which knock back foes.
Your icy white scales are hard. (AC +7)
You cannot fit into any form of body armour.
Your flesh is cold resistant. (rC+)
You are cold-blooded and may be slowed by cold attacks.


Message History

The cane toad closely misses you.
Unknown command.
Okay, then.
Aiming: Breathe Frost (3% risk of failure)
Press: ? - help, Shift-Dir - straight line, f - cane toad, p - cane toad
Aim: a cane toad (almost dead, 72% to hit)
You exhale a wave of freezing cold.
The freezing breath misses the cane toad.
* * * LOW HITPOINT WARNING * * *
You feel extremely sick. The cane toad misses you. x2
Unknown command.
You hit the cane toad but do no damage.
Lightning courses through the cane toad!
You kill the cane toad!
Fedhas appreciates your contribution to the ecosystem.
* * * LOW HITPOINT WARNING * * *
You feel very sick. The cane toad closely misses you.
Aiming: Mindburst
Press: ? - help, Shift-Dir - straight line, f - cane toad
Aim: a cane toad (moderately wounded, chance to affect: 79%)
The cane toad barely resists.
* * * LOW HITPOINT WARNING * * *
You feel very sick. The cane toad barely misses you.
Unknown command.
Aiming: Mindburst
Press: ? - help, Shift-Dir - straight line, f/p - cane toad
Aim: a cane toad (moderately wounded, chance to affect: 79%)
The cane toad barely resists.
* * * LOW HITPOINT WARNING * * *
You feel very sick.
The cane toad stings you but does no damage.
Aiming: Mindburst
Press: ? - help, Shift-Dir - straight line, f/p - cane toad
Aim: a cane toad (moderately wounded, chance to affect: 79%)
The cane toad's mind is blasted!
You die...
Fedhas appreciates your contribution to the ecosystem.

##
##.........#..#.....##..
.#
.....#.##....##P..#.)..
..
#...#.#...............
.. #................P#
.. #...............###
~. ##..[.......#..#..##
~.##
###.P.............##
~.~# #F..#.####...#...#
~~####
#@#...##.#..###..# ~....
#.†.........##..## ~~.##
#P......###...#.P.#
~.#.####....(...<.##.#
###.....#
..P.##....###PP##.##.#
#.#P.#.# .......#.# ###
...#.## ###..P.##
...#.#...# # #.
..#..###.......#
.^.......#.#
.#.#.##.###........#
....#.......
.....##.#..........#


You could see a cane toad.

Vanquished Creatures
  A hydra (Lair:2)
  An elephant (D:8)
  6 cane toads
  Jeremiah (D:7)
  4 komodo dragons
  A polar bear (Lair:2)
  Prince Ribbit (D:5)
  2 yaks (Lair:1)
  4 wyverns
  2 basilisks
  Menkaure (D:5)
  A steam dragon (D:8)
  Edmund (D:4)
  3 water moccasins
  Duvessa (D:4)
  An orc warrior (D:8)
  A black bear (D:7)
  An ice beast (D:6)
  An ogre (D:5)
  2 sky beasts (D:7)
  A centaur (D:6)
  2 phantoms (D:5)
  15 bullfrogs
  A gnoll sergeant (D:7)
  A kobold brigand (D:8)
  Blork the orc (D:5)
  3 scorpions
  3 wights
  Dowan (D:4)
  5 killer bees
  A bombardier beetle (D:6)
  3 hounds
  2 orc priests (D:8)
  A gnoll bouda (D:7)
  3 jellies
  3 iguanas
  9 orc wizards
  7 gnolls
  11 adders
  2 river rats (D:6)
  2 shadow imps
  A white imp (D:7)
  2 ribbon worms
  9 dart slugs
  21 orcs
  5 endoplasms
  5 giant cockroaches
  3 goblins
  11 hobgoblins
  2 jackals (D:1)
  8 kobolds
  3 quokkas
  10 ball pythons
  12 bats
  9 frilled lizards
  6 rats
220 creatures vanquished.

Vanquished Creatures (collateral kills)
  A cane toad (Lair:1)
  2 yaks (Lair:1)
  A water moccasin (Lair:1)
  2 black bears
  2 wolves (Lair:1)
  3 scorpions
  A wight (D:7)
  4 killer bees
  A jelly (D:5)
  2 orc wizards
  5 gnolls
  An adder (D:6)
  A white imp (D:6)
  2 dart slugs (Sewer)
  6 orcs
  A giant cockroach (Sewer)
  A goblin (D:3)
  A kobold (D:8)
  A frilled lizard (Sewer)
  A rat (D:6)
39 creatures vanquished.

Vanquished Creatures (others)
  A centaur (D:8)
  A scorpion (D:5)
  A killer bee (D:8)
  An orc priest (D:7)
  A sleepcap (D:4)
  An iguana (D:5)
  A dart slug (Sewer)
  2 orcs
  A ball python (D:6)
  A kobold (D:8)
11 creatures vanquished.

Grand Total: 270 creatures vanquished

Notes
Turn   | Place    | Note
-------+----------+-------------------------------------------
     0 | D:1      | Ulf the Draconian Hunter began the quest for the Orb.
     0 | D:1      | Reached XP level 1. HP: 17/17 MP: 1/1
   207 | D:1      | Reached skill level 1 in Stealth
   256 | D:1      | Reached XP level 2. HP: 24/24 MP: 2/2
   427 | D:2      | Found Ticassis's Armour Shop.
   435 | D:2      | Reached XP level 3. HP: 30/30 MP: 3/3
   805 | D:3      | Reached XP level 4. HP: 35/37 MP: 5/5
   998 | D:3      | Reached skill level 1 in Short Blades
   998 | D:3      | Reached skill level 1 in Spellcasting
  1123 | D:4      | Found a glowing golden altar of the Shining One.
  1192 | D:4      | Found a white marble altar of Elyvilon.
  1216 | D:4      | Found Ham Quenn's General Store.
  1243 | D:4      | Bought a scroll of identify for 20 gold pieces
  1262 | D:4      | Found a blossoming altar of Fedhas.
  1273 | D:4      | Reached XP level 5. HP: 45/45 MP: 5/7
  1292 | D:4      | Became a worshipper of Fedhas Madash
  1323 | D:4      | Bought a scroll of identify for 20 gold pieces
  1547 | D:4      | Noticed Edmund
  1756 | D:4      | Noticed Duvessa
  1763 | D:4      | Noticed Dowan
  1878 | D:4      | Killed Duvessa
  1879 | D:4      | Reached skill level 2 in Short Blades
  1932 | D:4      | Killed Dowan
  1933 | D:4      | Reached skill level 1 in Invocations
  1933 | D:4      | Reached XP level 6. HP: 28/51 MP: 8/8
  2246 | D:3      | Found a hazy altar of Hepliaklqana.
  2249 | D:3      | Identified the +0 robe of the Onion {Str+9 Slay-6}
  3167 | D:1      | Reached * piety under Fedhas
  3882 | D:4      | Bought a scroll of teleportation for 30 gold pieces
  3882 | D:4      | Bought a potion of curing for 30 gold pieces
  4090 | D:4      | Killed Edmund
  4122 | D:5      | Entered Level 5 of the Dungeon
  4127 | D:5      | Reached skill level 3 in Short Blades
  4192 | D:5      | Your scales start taking on an icy white colour.
  4192 | D:5      | Reached XP level 7. HP: 57/57 MP: 10/10
  4192 | D:5      | Gained mutation: Your flesh is cold resistant. (rC+) [White
                  | Draconian growth]
  4198 | D:5      | Noticed Menkaure
  4240 | D:5      | Noticed Prince Ribbit
  4249 | D:5      | Killed Prince Ribbit
  4250 | D:5      | Killed Menkaure
  4322 | D:5      | Noticed Blork the orc
  4331 | D:5      | Killed Blork the orc
  4332 | D:5      | Reached skill level 1 in Throwing
  4345 | D:5      | Reached ** piety under Fedhas
  4377 | D:5      | Reached XP level 8. HP: 66/66 MP: 11/11
  4450 | D:5      | Reached skill level 1 in Evocations
  4451 | D:5      | Found an iron altar of Okawaru.
  4577 | D:5      | Reached skill level 4 in Short Blades
  4927 | D:6      | Found a bloodstained altar of Trog.
  4959 | D:6      | Reached skill level 5 in Stealth
  5018 | D:6      | Found a glowing drain.
  5057 | Sewer    | Entered a sewer
  5101 | Sewer    | Reached *** piety under Fedhas
  5279 | Sewer    | Identified the +0 pair of gloves of the Slightly Bent
                  | {-Tele rN+ Str+3 Dex+3}
  5405 | D:6      | Reached skill level 5 in Short Blades
  5591 | D:6      | Reached XP level 9. HP: 71/72 MP: 13/13
  5896 | D:7      | Noticed Jeremiah
  5903 | D:7      | Killed Jeremiah
  5904 | D:7      | Reached skill level 5 in Dodging
  5948 | D:7      | Reached **** piety under Fedhas
  5963 | D:7      | Reached skill level 5 in Fighting
  6021 | D:7      | Found a staircase to the Ecumenical Temple.
  6210 | D:7      | Found a radiant altar of Vehumet.
  6251 | D:7      | Reached skill level 6 in Short Blades
  6840 | D:8      | Reached XP level 10. HP: 70/81 MP: 15/15
  7206 | D:8      | Found a staircase to the Lair.
  7209 | D:8      | Noticed an elephant
  7238 | D:8      | Killed an elephant
  7376 | D:8      | Reached ***** piety under Fedhas
  7386 | D:8      | Reached skill level 7 in Short Blades
  7651 | Lair:1   | Entered Level 1 of the Lair of Beasts
  7690 | Lair:1   | Learned a level 2 spell: Call Imp
  7693 | Lair:1   | Learned a level 2 spell: Blink
  7827 | Lair:1   | Found a bloodstained altar of Trog.
  7830 | Lair:1   | Noticed a cane toad
  7835 | Lair:1   | Killed a cane toad
  7891 | Lair:1   | Noticed a cane toad
  7914 | Lair:1   | Noticed a cane toad
  7926 | Lair:1   | Killed a cane toad
  7927 | Lair:1   | Reached skill level 1 in Summonings
  7927 | Lair:1   | Reached skill level 1 in Translocations
  8015 | Lair:1   | Killed a cane toad
  8299 | Lair:1   | Noticed a cane toad
  8305 | Lair:1   | Noticed a cane toad
  8311 | Lair:1   | Killed a cane toad
  8314 | Lair:1   | Reached skill level 5 in Invocations
  8321 | Lair:1   | Killed a cane toad
  8322 | Lair:1   | Reached XP level 11. HP: 31/89 MP: 17/17
  9213 | Lair:2   | Noticed a five-headed hydra
  9221 | Lair:2   | HP: 2/90 [five-headed hydra (13)]
  9228 | Lair:2   | Killed a five-headed hydra
  9229 | Lair:2   | Reached skill level 8 in Short Blades
  9778 | Lair:2   | Identified the +1 ring mail of the Six Servitors {+Blink
                  | rElec rN++ Str-4}
  9860 | Lair:2   | HP: 2/91 [poisoned by a cane toad]
  9861 | Lair:2   | Succumbed to a cane toad's poison

Illustrated notes

Levels and vault maps discovered:
D:1:      co_arrival_random_square_maze, layout_rooms
D:2:      layout_rooms, serial_shops, shop
D:3:      layout_basic, nicolae_hepliaklqana_hazy_memory
D:4:      layout_loops_ring, tso_oasis_becter, marbit_many_paths,
          mainiacjoe_overflow_cross_hatched, serial_shops, shop, uniq_edmund,
          uniq_duvessa
D:5:      layout_rooms, mainiacjoe_overflow_paths,
          hangedman_abyss_or_decor_stabs, uniq_prince_ribbit1,
          uniq_blork_the_orc, uniq_menkaure
D:6:      layout_rooms, mainiacjoe_overflow_surrounded_room,
          portal_sewer_entry_b, serial_park_tiny_1, serial_bayou_pond_a,
          st_stairs_4
D:7:      layout_basic, amcnicky_altar_gilded, minmay_temple_entry_ruins,
          uniq_jeremiah
D:8:      layout_rooms, david_lair_generic, minmay_misc_feat_pillars
Lair:1:   layout_hall_layers, basic_altar, beast_lair_carwin_6
Lair:2:   layout_loops_ring, mainiacjoe_swamp_entry_angry_trees,
          infiniplex_staircase_pool_2, serial_bayou_shore_a

Skill      XL: |  1  2  3  4  5  6  7  8  9 10 11 |
---------------+----------------------------------+-----
Stealth        | 1 2 3 4 5 6 7 |  7.7
Ranged Weapons | 4 |  4.2
Dodging        | 2 3 4 5 6 7 |  7.3
Short Blades   | 1 2 3 5 6 7 8 |  8.0
Spellcasting   | 1 2 3 4 |  4.7
Fighting       | 3 4 5 6 |  6.5
Invocations    | 1 2 3 4 5 |  5.4
Throwing       | 1 2 3 4 |  4.2
Evocations     | 2 3 4 |  4.2
Summonings     | 1 2 |  2.1
Translocations | 1 2 |  2.4

Action                     |  1- 3 |  4- 6 |  7- 9 | 10-12 || total
---------------------------+-------+-------+-------+-------++-------
  Melee: Dagger            |    26 |   195 |   229 |   232 ||   682
         Tailslap          |     2 |    23 |    29 |    41 ||    95
   Fire: Shortbow          |    51 |       |       |       ||    51
  Throw: Throwing net      |       |       |     2 |       ||     2
         Dart              |       |       |     1 |     3 ||     4
   Cast: Call Imp          |       |       |       |     4 ||     4
 Invoke: Wall of Briars    |       |       |     1 |     1 ||     2
Ability: Breathe Frost     |       |       |    32 |    34 ||    66
  Evoke: Wand              |       |       |    13 |     9 ||    22
    Use: Scroll            |     5 |     9 |     4 |     8 ||    26
         Potion            |       |     1 |     1 |     4 ||     6
   Stab: Sleeping          |     1 |    11 |     8 |     4 ||    24
         Distracted        |       |     1 |       |       ||     1
         Invisible         |       |       |     2 |       ||     2
         Held in net/web   |       |       |     1 |       ||     1
         Petrified         |       |       |       |     3 ||     3
         Petrifying        |       |       |       |     1 ||     1
 Armour: Skin              |    33 |    75 |    98 |   132 ||   338
  Dodge: Dodged            |    55 |   177 |   191 |   181 ||   604
